[Event "Saturday 06 January Rapid Engine Tour 12+1 Rounds 9 Starts 1600 ST"]
[Site "Infinity Chess"]
[Date "2018.1.6"]
[Round "5"]
[White "THE_MACHINE"]
[Black "Harry_Potter"]
[Result "1/2-1/2"]
[ECO "C50"]
[WhiteElo "2517"]
[BlackElo "2503"]
[WhiteEngine "BrainFish_171226_x64_bmi2"]
[BlackEngine "stockfish_18010422_x64_bmi2_CTG"]
[EventType "Swiss"]
[WhiteTeam ""]
[BlackTeam ""]
[PlyCount "164"]
[TimeControl "720+1"]

1. e4 e5 2. Nf3 Nc6 3. Bc4 Bc5 4. O-O Nf6 5. d3 d6 6. c3 a5 7. b3 Bb6 8. a4 Ne7 
9. Re1 O-O 10. Nbd2 c6 11. d4 exd4 12. cxd4 Ng6 13. Ba3 Re8 14. Qc2 d5 
15. e5 Nh5 16. Bf1 Nhf4 17. b4 Bg4 18. bxa5 Bxa5 19. Re3 Ne6 20. Bb2 Bh5 
21. Nb3 Bb4 22. Ne1 Nh4 23. Nd3 Bg6 24. Qd1 Bf8 25. Ndc5 Nxc5 26. Nxc5 Bxc5 
27. dxc5 Be4 28. Rb3 Qc7 29. Qd2 Ng6 30. f4 Ra7 31. Qf2 Qd7 32. a5 Qg4 
33. Bc1 Qe6 34. h3 f5 35. exf6 Qxf6 36. Ra4 Rf8 37. g3 h5 38. Qe2 Re8 
39. Qxh5 Bc2 40. Bb2 Qe6 41. f5 Qxf5 42. Qxf5 Bxf5 43. Rab4 Re7 44. h4 Nf8 
45. Rf3 Bc2 46. Ra3 Kh7 47. Bg2 Nd7 48. Bd4 Be4 49. Bf1 Kg8 50. Be2 Ne5 
51. Kh2 Bf5 52. Kg2 Ra8 53. Bxe5 Rxe5 54. Kf2 Rf8 55. Rf4 Rfe8 56. Bd1 Bh3 
57. g4 Re1 58. Bf3 g5 59. hxg5 Bf1 60. Kg3 Kg7 61. Rf6 Rc1 62. Ra4 Bc4 
63. a6 Bxa6 64. Raf4 Bd3 65. Rf7+ Kg6 66. R4f6+ Kxg5 67. Rd6 Rg1+ 68. Kf2 Rc1 
69. Rxb7 Rf8 70. Kg3 Rg1+ 71. Bg2 Rf6 72. Kh3 Re1 73. Rc7 Re3+ 74. Kh2 Rfe6 
75. Rcxc6 Re8 76. Rxd5+ Kxg4 77. Rc7 Rh8+ 78. Kg1 Re1+ 79. Kf2 Re2+ 80. Kg1 Re1+ 
81. Kf2 Re2+ 82. Kg1 Re1+ 1/2-1/2

[Event "Saturday 06 January Rapid Engine Tour 12+1 Rounds 9 Starts 1600 ST"]
[Site "Infinity Chess"]
[Date "2018.1.6"]
[Round "4"]
[White "MGR"]
[Black "IronMan"]
[Result "1-0"]
[ECO "C77"]
[WhiteElo "2476"]
[BlackElo "2385"]
[WhiteEngine "asmFishW_2017-11-19_bmi2"]
[BlackEngine "Stockfish SL BMI2"]
[EventType "Swiss"]
[WhiteTeam ""]
[BlackTeam ""]
[PlyCount "165"]
[TimeControl "720+1"]

1. e4 e5 2. Nf3 Nc6 3. Bb5 a6 4. Ba4 Nf6 5. O-O Be7 6. Re1 b5 7. Bb3 O-O 
8. a4 b4 9. a5 d6 10. c3 Rb8 11. h3 Rb5 12. cxb4 Rxb4 13. d3 Nd4 14. Nxd4 exd4 
15. Na3 c5 16. Bd2 Rb8 17. Bf4 Rb7 18. Bc4 Rd7 19. Ba2 d5 20. Qf3 dxe4 
21. dxe4 Ra7 22. Bc4 Be6 23. Qe2 Nd7 24. Bd3 Rb7 25. Nc4 Rb4 26. Qc2 Qa8 
27. b3 Qc6 28. Rab1 g6 29. Rec1 Re8 30. Qd1 Bf8 31. Bd2 Rb5 32. f4 f5 33. e5 Bd5 
34. Qf1 Be4 35. Na3 Bxd3 36. Qxd3 Rb7 37. b4 Qe6 38. b5 axb5 39. Rxb5 Reb8 
40. Rxb7 Rxb7 41. Nc4 Nb8 42. Kh2 Nc6 43. Qa3 Rb8 44. Be1 Bh6 45. Qf3 d3 
46. Bd2 Rd8 47. Kh1 Bf8 48. Nd6 Bxd6 49. Qxc6 Qa2 50. exd6 Qxd2 51. Qd5+ Kg7 
52. Qe5+ Kh6 53. Rg1 Qxa5 54. Qe7 Qb6 55. g4 Qc6+ 56. Kh2 Qd7 57. g5+ Kh5 
58. Qe3 Qc6 59. Qxd3 Qe4 60. Qd1+ Kh4 61. Rg4+ Kh5 62. Rg3+ Kh4 63. Qd2 Ra8 
64. Qf2 Kh5 65. d7 Ra1 66. Rg1 Ra8 67. Re1 Qd4 68. Qf3+ Kh4 69. Qxa8 Qxf4+ 
70. Kh1 Qg3 71. Re7 Qxh3+ 72. Kg1 Qg4+ 73. Qg2 Qd1+ 74. Qf1 Qd4+ 75. Qf2+ Kxg5 
76. Qxd4 cxd4 77. d8=Q Kg4 78. Kh2 h6 79. Qd6 Kg5 80. Rg7 d3 81. Kg3 f4+ 
82. Qxf4+ Kh5 83. Qg4# 1-0

[Event "Saturday 06 January Rapid Engine Tour 12+1 Rounds 9 Starts 1600 ST"]
[Site "Infinity Chess"]
[Date "2018.1.6"]
[Round "4"]
[White "CoffeeOne"]
[Black "Thinker"]
[Result "1/2-1/2"]
[ECO "C50"]
[WhiteElo "2511"]
[BlackElo "2450"]
[WhiteEngine "cfish-2018-01-05"]
[BlackEngine "BrainFish_171226_x64_modern_CTG"]
[EventType "Swiss"]
[WhiteTeam ""]
[BlackTeam ""]
[PlyCount "79"]
[TimeControl "720+1"]

1. e4 e5 2. Nf3 Nc6 3. Bc4 Bc5 4. O-O Nf6 5. d3 d6 6. c3 O-O 7. Nbd2 a6 
8. a4 Ba7 9. h3 Ne7 10. Re1 Ng6 11. d4 c6 12. Bf1 Re8 13. Qc2 Qc7 14. dxe5 Nxe5 
15. Nxe5 dxe5 16. a5 h6 17. Nf3 Qe7 18. Bd2 Nh7 19. Qc1 Nf8 20. b4 Be6 
21. c4 Rad8 22. c5 Bb8 23. Bc3 Ng6 24. g3 f6 25. Qe3 f5 26. exf5 Bxf5 
27. Ra2 Qe6 28. Rd2 Bxh3 29. Rxd8 Rxd8 30. Ng5 hxg5 31. Qxg5 Qf6 32. Qxf6 gxf6 
33. Bxh3 Kf7 34. Re2 Ne7 35. Kg2 Bc7 36. Re1 Nd5 37. Bd2 Ne7 38. Bc3 Nd5 
39. Bd2 Ne7 40. Bc3 1/2-1/2

[Event "Saturday 06 January Rapid Engine Tour 12+1 Rounds 9 Starts 1600 ST"]
[Site "Infinity Chess"]
[Date "2018.1.6"]
[Round "4"]
[White "hafaba"]
[Black "KillBill2017"]
[Result "1/2-1/2"]
[ECO "E10"]
[WhiteElo "2401"]
[BlackElo "2397"]
[WhiteEngine "SF SL 03012018 POPCNT_CTG"]
[BlackEngine "Raubfisch ME262_GTZ16b1_CTG"]
[EventType "Swiss"]
[WhiteTeam ""]
[BlackTeam ""]
[PlyCount "117"]
[TimeControl "720+1"]

1. d4 Nf6 2. c4 e6 3. Nf3 d5 4. Nc3 c6 5. e3 Nbd7 6. Bd3 dxc4 7. Bxc4 b5 
8. Bd3 Bb7 9. Ne4 Nxe4 10. Bxe4 Qc7 11. O-O c5 12. Qc2 Rc8 13. b3 Nf6 
14. Bxb7 Qxb7 15. dxc5 Bxc5 16. Qe2 O-O 17. Bb2 Be7 18. Rac1 Rfd8 19. Rfd1 Rxd1+ 
20. Qxd1 a6 21. Rxc8+ Qxc8 22. h3 Nd7 23. Qd3 Qc6 24. Nd4 Qb7 25. Qc3 Bf8 
26. Qc6 Qxc6 27. Nxc6 f6 28. Kf1 Bd6 29. Ke2 e5 30. f3 Kf7 31. Bc3 Ke6 32. e4 g6 
33. Nd8+ Ke7 34. Nc6+ Ke6 35. g4 f5 36. exf5+ gxf5 37. Nd8+ Kf6 38. Nc6 f4 
39. Bb4 Bxb4 40. Nxb4 a5 41. Nc6 a4 42. bxa4 bxa4 43. h4 Nc5 44. Nb4 h6 
45. Kd2 e4 46. fxe4 Nxe4+ 47. Ke2 Ke5 48. a3 Nd6 49. Nd3+ Kd4 50. Nb2 Ke4 
51. Nxa4 f3+ 52. Kf2 Kf4 53. Nc5 Kxg4 54. a4 Nc4 55. Nd3 Kxh4 56. Kxf3 Kg5 
57. Kg3 h5 58. Nc5 h4+ 59. Kg2 1/2-1/2

[Event "Saturday 06 January Rapid Engine Tour 12+1 Rounds 9 Starts 1600 ST"]
[Site "Infinity Chess"]
[Date "2018.1.6"]
[Round "4"]
[White "angriff"]
[Black "ocirema"]
[Result "1/2-1/2"]
[ECO "C50"]
[WhiteElo "2405"]
[BlackElo "2429"]
[WhiteEngine "SF_64BIT_POPCNT_CTG"]
[BlackEngine "Stockfish_18010423_720_x64_modern_BYO_RW_CTG"]
[EventType "Swiss"]
[WhiteTeam ""]
[BlackTeam ""]
[PlyCount "126"]
[TimeControl "720+1"]

1. e4 e5 2. Nf3 Nc6 3. Bc4 Bc5 4. O-O Nf6 5. d3 d6 6. c3 O-O 7. Nbd2 a5 
8. Re1 h6 9. Nf1 Be6 10. Bb5 Bb6 11. h3 Ne7 12. d4 exd4 13. Nxd4 Ng6 14. Ng3 Bd7 
15. Bxd7 Qxd7 16. Ndf5 Rfe8 17. Be3 Bxe3 18. Rxe3 Re5 19. c4 Qc6 20. Qd4 Qc5 
21. f3 Nf4 22. Rd1 Ne6 23. Qxc5 Rxc5 24. Rc3 a4 25. Ne2 Nd7 26. Ne3 b5 
27. cxb5 Rxb5 28. Rd2 Rb7 29. Nd5 Rab8 30. Rcc2 Kf8 31. Kf2 h5 32. Nec3 Nec5 
33. Ne3 Ne5 34. Ke2 h4 35. f4 Ned7 36. Kf3 g6 37. Ned5 Kg7 38. Ne7 Re8 
39. Ned5 Nf8 40. Nb5 Nxe4 41. Re2 f5 42. Rxc7+ Rxc7 43. Ndxc7 Rb8 44. b4 axb3 
45. axb3 Rb6 46. b4 Rc6 47. Ke3 Kf7 48. Ra2 Rc1 49. Ra7 Re1+ 50. Kd4 Rd1+ 
51. Kc4 Rc1+ 52. Kd5 Ke7 53. Na6+ Nd7 54. Nb8 Nef6+ 55. Kd4 Rc2 56. Nxd7 Nxd7 
57. Nc3 Rd2+ 58. Kc4 Rxg2 59. Nd5+ Ke6 60. Nc7+ Kf7 61. Nd5 Ke6 62. Nc7+ Kf7 
63. Nd5 Ke6 1/2-1/2

[Event "Saturday 06 January Rapid Engine Tour 12+1 Rounds 9 Starts 1600 ST"]
[Site "Infinity Chess"]
[Date "2018.1.6"]
[Round "4"]
[White "neófito"]
[Black "OlivierEvan"]
[Result "1/2-1/2"]
[ECO "C43"]
[WhiteElo "2413"]
[BlackElo "2405"]
[WhiteEngine "Raubfisch X37b1_CTG"]
[BlackEngine "Houdini 6"]
[EventType "Swiss"]
[WhiteTeam ""]
[BlackTeam ""]
[PlyCount "118"]
[TimeControl "720+1"]

1. e4 e5 2. Nf3 Nf6 3. d4 Nxe4 4. Bd3 d5 5. Nxe5 Nd7 6. Nxd7 Bxd7 7. O-O Bd6 
8. c4 c6 9. cxd5 cxd5 10. Nc3 Nxc3 11. bxc3 O-O 12. Qh5 f5 13. Qf3 Kh8 
14. h3 Be6 15. Re1 Bg8 16. Bd2 Qc7 17. Rab1 b6 18. a4 Bh2+ 19. Kf1 Bd6 
20. Rb5 Qd8 21. Ra1 Bc7 22. Bf4 Bxf4 23. Qxf4 Rc8 24. Rb3 Rc6 25. Kg1 Qc8 
26. Rc1 h6 27. a5 bxa5 28. Ra3 a6 29. Rc2 Qd8 30. Rc1 Qc8 31. Be2 Rff6 
32. h4 Bf7 33. Rb1 Kh7 34. Rb8 Qc7 35. Qxc7 Rxc7 36. Rbb3 Rfc6 37. g3 g6 
38. Kf1 a4 39. Rxa4 Rxc3 40. Rxc3 Rxc3 41. Rxa6 Kg7 42. Ke1 Rb3 43. Kd2 Rb2+ 
44. Ke3 g5 45. hxg5 hxg5 46. Bd1 f4+ 47. gxf4 gxf4+ 48. Kxf4 Rxf2+ 49. Ke3 Rf6 
50. Ra5 Kh6 51. Bc2 Kg5 52. Bd3 Rh6 53. Bc4 Rh3+ 54. Kd2 Rh2+ 55. Ke3 Be6 
56. Bxd5 Bxd5 57. Rxd5+ Kf6 58. Re5 Rh1 59. Kd2 Rh3 1/2-1/2

[Event "Saturday 06 January Rapid Engine Tour 12+1 Rounds 9 Starts 1600 ST"]
[Site "Infinity Chess"]
[Date "2018.1.6"]
[Round "4"]
[White "Satria_Ungu"]
[Black "NINJA_JENGKA"]
[Result "1/2-1/2"]
[ECO "A04"]
[WhiteElo "2416"]
[BlackElo "2419"]
[WhiteEngine "Houdini 6_CTG"]
[BlackEngine "Houdini 6_CTG"]
[EventType "Swiss"]
[WhiteTeam ""]
[BlackTeam ""]
[PlyCount "56"]
[TimeControl "720+1"]

1. Nf3 c5 2. e3 d5 3. d4 Nf6 4. c4 e6 5. Nc3 dxc4 6. Bxc4 Nc6 7. a3 a6 8. O-O b5 
9. Bd3 cxd4 10. Ne4 Be7 11. exd4 O-O 12. b4 Nxd4 13. Bb2 Nxf3+ 14. Qxf3 Ra7 
15. h3 Rd7 16. Rad1 Rd5 17. Nc3 Rd6 18. Ne4 Rd7 19. Qe2 Bb7 20. Nxf6+ Bxf6 
21. Bxf6 gxf6 22. Qg4+ Kh8 23. Bxh7 Kxh7 24. Rxd7 Qxd7 25. Qh4+ Kg6 26. Qg4+ Kh7 
27. Qh4+ Kg6 28. Qg4+ Kh7 1/2-1/2

[Event "Saturday 06 January Rapid Engine Tour 12+1 Rounds 9 Starts 1600 ST"]
[Site "Infinity Chess"]
[Date "2018.1.6"]
[Round "4"]
[White "KULLANI"]
[Black "Prometheus"]
[Result "1/2-1/2 "]
[ECO "B54"]
[WhiteElo "2437"]
[BlackElo "2438"]
[WhiteEngine "Raubfisch ME262_GTZ16b1._CTG"]
[BlackEngine "Eman 1.58-64bit-IDeA"]
[EventType "Swiss"]
[WhiteTeam ""]
[BlackTeam ""]
[PlyCount "167"]
[TimeControl "720+1"]

1. e4 c5 2. Nf3 d6 3. d4 cxd4 4. Nxd4 Nc6 5. Nc3 e5 6. Nf5 Bxf5 7. exf5 Qd7 
8. Nd5 Nge7 9. f6 Nxd5 10. fxg7 Bxg7 11. Qxd5 Qe6 12. Bc4 Nd4 13. O-O Rc8 
14. Bb5+ Nxb5 15. Qxb5+ Qd7 16. Qb3 d5 17. f4 O-O 18. fxe5 Bxe5 19. Bf4 Bg7 
20. Rad1 d4 21. c3 Qe6 22. cxd4 Qxb3 23. axb3 Rfd8 24. Be3 Rd5 25. Rd3 f5 
26. Rfd1 Rcd8 27. Kf2 Kf7 28. Rc1 Bxd4 29. Rc7+ Kg6 30. Rxb7 Bxe3+ 31. Rxe3 Rd2+ 
32. Re2 R8d3 33. Rxa7 Rxe2+ 34. Kxe2 Rxb3 35. Ra2 h5 36. Kd2 h4 37. Ra6+ Kg5 
38. Kc2 Re3 39. Ra8 h3 40. Rg8+ Kf4 41. g3+ Kf3 42. Rd8 f4 43. gxf4 Re2+ 
44. Rd2 Rxd2+ 45. Kxd2 Kg2 46. f5 Kxh2 47. f6 Kg3 48. f7 h2 49. f8=Q h1=Q 
50. b4 Qa1 51. Qc5 Kf4 52. b5 Qb2+ 53. Kd3 Qb1+ 54. Kd4 Qa1+ 55. Kd5 Qh1+ 
56. Kd6 Qh6+ 57. Kc7 Qh7+ 58. Kc6 Qh1+ 59. Qd5 Qc1+ 60. Kb7 Kg3 61. b6 Qc3 
62. Kb8 Qh8+ 63. Kc7 Qc3+ 64. Kd7 Qg7+ 65. Kc6 Qc3+ 66. Kd7 Qg7+ 67. Kc6 Qc3+ 
68. Qc5 Qf3+ 69. Kc7 Qf7+ 70. Kb8 Qg8+ 71. Qc8 Qb3 72. b7 Qb2 73. Qc7+ Kg2 
74. Qc6+ Kh2 75. Qd6+ Kh1 76. Qd1+ Kg2 77. Qd5+ Kh2 78. Qa5 Qf6 79. Qa2+ Kh1 
80. Qd5+ Kh2 81. Qd2+ Kh1 82. Qe1+ Kh2 83. Qd2+ Kh1 84. Qc1+ 1/2-1/2

[Event "Saturday 06 January Rapid Engine Tour 12+1 Rounds 9 Starts 1600 ST"]
[Site "Infinity Chess"]
[Date "2018.1.6"]
[Round "4"]
[White "RonWeasley"]
[Black "KhalidOmar"]
[Result "1/2-1/2"]
[ECO "A00"]
[WhiteElo "2439"]
[BlackElo "2443"]
[WhiteEngine "BrainFish 261217_CTG"]
[BlackEngine "Eman 1.60 64-bit BMI2"]
[EventType "Swiss"]
[WhiteTeam ""]
[BlackTeam ""]
[PlyCount "87"]
[TimeControl "720+1"]

1. a3 c5 2. e3 Nc6 3. d4 cxd4 4. exd4 d5 5. h3 Bf5 6. Nf3 Nf6 7. Bd3 e6 
8. Bxf5 exf5 9. Bg5 Be7 10. Nc3 O-O 11. O-O Re8 12. Bxf6 Bxf6 13. Re1 Rxe1+ 
14. Qxe1 g6 15. Rb1 Nxd4 16. Nxd4 Bxd4 17. Rd1 Qb6 18. Na4 Qf6 19. Qb4 Be5 
20. Qxb7 Rb8 21. Qxd5 Bxb2 22. Nxb2 Qxb2 23. Qa5 Rc8 24. Qxa7 Rxc2 25. Qe3 Re2 
26. Qc5 Kg7 27. a4 Rc2 28. Qe3 Rc4 29. a5 Ra4 30. Qc5 Ra2 31. g3 Qf6 32. Rb1 f4 
33. Rb8 Kh6 34. Qf8+ Qg7 35. Qd6 Qa1+ 36. Kg2 fxg3 37. Qf4+ Kg7 38. Qd6 Rxf2+ 
39. Kxg3 Qe1 40. Qf8+ Kf6 41. Qd8+ Kg7 42. Qf8+ Kf6 43. Qd8+ Kg7 44. Qf8+ 
1/2-1/2

[Event "Saturday 06 January Rapid Engine Tour 12+1 Rounds 9 Starts 1600 ST"]
[Site "Infinity Chess"]
[Date "2018.1.6"]
[Round "4"]
[White "Tiger"]
[Black "Klaus"]
[Result "1/2-1/2"]
[ECO "C50"]
[WhiteElo "2444"]
[BlackElo "2446"]
[WhiteEngine "BrainFish_171111_x64_bmi2"]
[BlackEngine "asmFishW_2017-11-19_bmi2"]
[EventType "Swiss"]
[WhiteTeam ""]
[BlackTeam ""]
[PlyCount "109"]
[TimeControl "720+1"]

1. e4 e5 2. Nf3 Nc6 3. Bc4 Bc5 4. O-O Nf6 5. d3 d6 6. c3 a5 7. Bg5 Ba7 
8. Nbd2 h6 9. Bh4 Qe7 10. Bb5 g5 11. Bg3 O-O 12. Nc4 Nh5 13. Bxc6 bxc6 
14. Nxa5 Nxg3 15. hxg3 Bd7 16. Qd2 f6 17. Qe2 Qh7 18. d4 Bxd4 19. Nxd4 Rxa5 
20. b4 Ra3 21. Nxc6 Bxc6 22. Qc4+ Qf7 23. Qxc6 Rb8 24. Rfb1 Rb6 25. Qd5 Qxd5 
26. exd5 Rba6 27. b5 R6a5 28. c4 Rc3 29. b6 cxb6 30. Rxb6 Rxc4 31. Rxd6 Kg7 
32. Rc6 Rd4 33. d6 Kg6 34. g4 Rxg4 35. Rb1 Rd5 36. g3 h5 37. Rbb6 h4 38. d7 Rxd7 
39. Rxf6+ Kh7 40. Rh6+ Kg8 41. Rhe6 hxg3 42. Rg6+ Kf8 43. Rbf6+ Ke7 
44. fxg3 Rxg3+ 45. Kf2 Rdd3 46. Re6+ Kf8 47. Rxe5 g4 48. Rgg5 Rgf3+ 49. Kg1 g3 
50. a4 Rd2 51. Rgf5+ Rxf5 52. Rxf5+ Ke7 53. a5 Ra2 54. Rc5 Ke6 55. Rg5 1/2-1/2

[Event "Saturday 06 January Rapid Engine Tour 12+1 Rounds 9 Starts 1600 ST"]
[Site "Infinity Chess"]
[Date "2018.1.6"]
[Round "4"]
[White "MarioDeMonti"]
[Black "Marsell"]
[Result "1/2-1/2"]
[ECO "C55"]
[WhiteElo "2445"]
[BlackElo "2454"]
[WhiteEngine "stockfish_x64_bmi2_2017_12_26_CTG"]
[BlackEngine "asmFishW_2017-12-07_popcnt"]
[EventType "Swiss"]
[WhiteTeam ""]
[BlackTeam ""]
[PlyCount "90"]
[TimeControl "720+1"]

1. e4 e5 2. Nf3 Nc6 3. Bc4 Nf6 4. d3 Bc5 5. c3 d6 6. O-O O-O 7. Bg5 h6 8. Bh4 a6 
9. Nbd2 Ba7 10. Bb3 Na5 11. Ba4 g5 12. Bg3 Nh5 13. b4 Nxg3 14. hxg3 Nc6 
15. Bxc6 bxc6 16. Nb3 Re8 17. Qd2 Rb8 18. Rfe1 Bd7 19. Rac1 Qe7 20. a3 Bb6 
21. c4 c5 22. Rb1 Ba7 23. bxc5 Bxc5 24. Nxc5 dxc5 25. Qc3 Rb6 26. Qa5 Reb8 
27. Rxb6 Rxb6 28. Qc3 f6 29. Nd2 Qd6 30. Nf1 Qd4 31. Qa5 Kg7 32. Ne3 Qd6 
33. Nd5 Rb7 34. Qc3 h5 35. Qa5 Be6 36. Rf1 Bf7 37. Re1 Rb3 38. Rd1 Kg6 
39. Qa4 Rb2 40. Qa5 Rb3 41. Qa4 Rb2 42. Qa5 Rb7 43. Kh2 Kg7 44. Qa4 Rb2 
45. Kg1 Kg6 1/2-1/2

[Event "Saturday 06 January Rapid Engine Tour 12+1 Rounds 9 Starts 1600 ST"]
[Site "Infinity Chess"]
[Date "2018.1.6"]
[Round "4"]
[White "SkyPilot"]
[Black "Eman"]
[Result "1/2-1/2"]
[ECO "C55"]
[WhiteElo "2472"]
[BlackElo "2458"]
[WhiteEngine "stockfish_x64_bmi2_2018_01_01_CTG"]
[BlackEngine "Eman 1.60 64-bit POPCNT"]
[EventType "Swiss"]
[WhiteTeam ""]
[BlackTeam ""]
[PlyCount "159"]
[TimeControl "720+1"]

1. e4 e5 2. Nf3 Nc6 3. Bc4 Nf6 4. d3 Bc5 5. O-O d6 6. c3 a5 7. Re1 Ba7 
8. Nbd2 O-O 9. Nf1 Be6 10. Bb5 Ne7 11. d4 exd4 12. Nxd4 Ng6 13. Ba4 h6 
14. Be3 Bc8 15. Ng3 Ng4 16. Ngf5 Bxf5 17. Nxf5 Nxe3 18. Nxe3 Qh4 19. Bc2 Ne5 
20. Qe2 g6 21. Rf1 c6 22. Rad1 Rfd8 23. a4 Rd7 24. Kh1 Bxe3 25. Qxe3 Ng4 
26. Qf4 g5 27. Qg3 Qxg3 28. hxg3 Re8 29. Bb3 Nf6 30. f3 d5 31. exd5 Re2 
32. dxc6 bxc6 33. Rxd7 Nxd7 34. Rb1 Nc5 35. Bc4 Rc2 36. b4 Rxc3 37. Bf1 Nb3 
38. bxa5 Nxa5 39. Rb8+ Kg7 40. Ra8 Rc1 41. Rxa5 Rxf1+ 42. Kh2 Ra1 43. g4 Ra2 
44. Kg3 Ra1 45. Ra6 c5 46. Kf2 Ra2+ 47. Ke3 Rxg2 48. a5 Ra2 49. Ra8 Kf6 
50. a6 Ke5 51. a7 Ra3+ 52. Kf2 Kf6 53. Ke2 Ke7 54. Ke1 Ra2 55. Kd1 Kf6 
56. Kc1 c4 57. Kb1 Ra5 58. Kc1 Ra3 59. Kc2 c3 60. Kd3 c2+ 61. Kxc2 Ra1 
62. f4 gxf4 63. Kd3 Ra4 64. Ke2 Ra2+ 65. Kf3 Ra3+ 66. Kxf4 Ra1 67. Ke3 Kg7 
68. Kf4 h5 69. g5 Ra3 70. Ke4 h4 71. g6 f6 72. Rb8 Rxa7 73. Kf4 Ra6 74. Kf3 Rc6 
75. Rb1 h3 76. Kg3 h2 77. Kxh2 Kxg6 78. Kh3 Rc3+ 79. Kg4 Rc4+ 80. Kf3 1/2-1/2

[Event "Saturday 06 January Rapid Engine Tour 12+1 Rounds 9 Starts 1600 ST"]
[Site "Infinity Chess"]
[Date "2018.1.6"]
[Round "4"]
[White "incredible"]
[Black "Katzenmaier"]
[Result "1/2-1/2 "]
[ECO "C77"]
[WhiteElo "2484"]
[BlackElo "2489"]
[WhiteEngine "stockfish_18010422_x64_bmi2"]
[BlackEngine "S_XPrO.251117.x64.POPCNT_CTG"]
[EventType "Swiss"]
[WhiteTeam ""]
[BlackTeam ""]
[PlyCount "204"]
[TimeControl "720+1"]

1. e4 e5 2. Nf3 Nc6 3. Bb5 a6 4. Ba4 Nf6 5. O-O Be7 6. Nc3 b5 7. Bb3 d6 
8. d3 Na5 9. Ne2 O-O 10. Ng3 Re8 11. Re1 Bf8 12. h3 Nxb3 13. axb3 c5 14. c4 Be6 
15. Ng5 Bd7 16. f4 h6 17. Nf3 exf4 18. Bxf4 a5 19. Qc2 Be6 20. Rf1 Qb6 
21. Ne2 Reb8 22. Bc1 Be7 23. Nc3 bxc4 24. bxc4 Nd7 25. Ra2 Bf6 26. Bf4 Ra6 
27. Nb5 Ne5 28. Nxe5 Bxe5 29. Bxe5 dxe5 30. Nc3 Qd8 31. Kh2 Qd4 32. Ra3 Rb7 
33. Rf2 Rab6 34. Nb5 Qd8 35. b3 Kh7 36. Rf1 Ra6 37. Qd2 f6 38. Nc3 Qd4 
39. Rf3 Bd7 40. Qc1 Be8 41. Nd5 Bh5 42. Rg3 Bg6 43. Qe1 h5 44. Qc1 Raa7 
45. Qc2 Rf7 46. Qc1 Rfb7 47. Qc2 Rf7 48. Nc3 Ra6 49. Nb5 Qd8 50. Qc3 Ra8 
51. Qe1 Rb7 52. Re3 Be8 53. Nc3 Qd4 54. Nd5 Rba7 55. Qd1 Bf7 56. Rg3 Qf2 
57. Ra1 Rb7 58. Rc1 Qb2 59. d4 a4 60. Qf1 Bxd5 61. cxd5 Rxb3 62. dxc5 Rxg3 
63. Kxg3 a3 64. c6 a2 65. c7 Kh6 66. c8=Q a1=Q 67. Qc6 Qa7 68. Kh2 Qbd4 
69. Qe1 Qf2 70. Kh1 Rb8 71. Qc2 Rb2 72. Qcxf2 Qxf2 73. Qxf2 Rxf2 74. Rd1 Ra2 
75. Kh2 Kg5 76. d6 Ra8 77. g3 Rd8 78. h4+ Kg6 79. g4 hxg4 80. Kg3 f5 81. d7 fxe4 
82. Kxg4 Kf6 83. h5 Ke6 84. Rh1 Rxd7 85. h6 gxh6 86. Rxh6+ Kd5 87. Kg3 Rf7 
88. Ra6 Rf1 89. Kg2 Rf3 90. Ra4 Rf4 91. Ra3 Kc5 92. Ra5+ Kd6 93. Ra6+ Kc5 
94. Ra5+ Kd4 95. Ra4+ Kc3 96. Ra3+ Kb4 97. Ra1 Kc3 98. Ra3+ Kb4 99. Ra1 Kc4 
100. Ra4+ Kb3 101. Ra1 Kc4 102. Ra4+ Kd5 1/2-1/2

[Event "Saturday 06 January Rapid Engine Tour 12+1 Rounds 9 Starts 1600 ST"]
[Site "Infinity Chess"]
[Date "2018.1.6"]
[Round "4"]
[White "Deep_Impact"]
[Black "Susanne"]
[Result "1/2-1/2"]
[ECO "A06"]
[WhiteElo "2491"]
[BlackElo "2494"]
[WhiteEngine "BrainFish_171226_x64_modern"]
[BlackEngine "BrainFish_171226_x64_bmi2_CTG"]
[EventType "Swiss"]
[WhiteTeam ""]
[BlackTeam ""]
[PlyCount "260"]
[TimeControl "720+1"]

1. Nf3 d5 2. d4 Nf6 3. Bf4 Bf5 4. c4 c6 5. e3 e6 6. Qb3 Qb6 7. c5 Qxb3 
8. axb3 Nbd7 9. h3 Be7 10. b4 a6 11. Nbd2 O-O 12. Be2 Ne4 13. Nb3 Rfe8 
14. Na5 Ra7 15. O-O Bg6 16. b5 cxb5 17. Rfc1 Nb8 18. Bc7 Nc6 19. Bxb5 axb5 
20. Nxc6 Ra4 21. Na5 f6 22. Nxb7 Rea8 23. Na5 Kf8 24. Rd1 h5 25. Rdc1 Be8 
26. Ne1 Nd2 27. Nd3 R8xa5 28. Bxa5 Nb3 29. Rxa4 bxa4 30. Bb6 Nxc1 31. Nxc1 Bb5 
32. Na2 Ke8 33. Nc3 Bc6 34. f4 g5 35. Kf2 Kd7 36. Ne2 Bb5 37. Nc3 Bc6 
38. g4 hxg4 39. hxg4 f5 40. gxf5 exf5 41. fxg5 Bxg5 42. Kf3 Kc8 43. Ba5 Kb7 
44. Na2 Be8 45. Bd2 Ka6 46. Nc3 Bd7 47. Kf2 Bc6 48. Ke2 Bd8 49. Kf3 Bc7 
50. Kg2 Bd8 51. Kg3 Bg5 52. Kf3 Be8 53. Ke2 Bc6 54. Kf2 Be7 55. Kg3 Bg5 
56. Kf3 Be8 57. Kf2 Bd8 58. Kg3 Bc7+ 59. Kf2 Bc6 60. Ke2 Bd8 61. Kd3 Bh4 
62. Kc2 Bg5 63. Na2 Kb5 64. Nc3+ Kc4 65. Nb1 Kb5 66. Na3+ Ka6 67. b3 Bd8 
68. Be1 Bc7 69. Bd2 axb3+ 70. Kxb3 Be8 71. Nc2 Bh5 72. Ne1 Kb5 73. Kc3 Bg6 
74. Kb3 Bh5 75. Ng2 Bd1+ 76. Kc3 Bd8 77. Kd3 Bf3 78. Nf4 Bh4 79. Ne6 Bg4 
80. Bc1 Kc6 81. Nf4 Bf3 82. Ng6 Bg3 83. Bd2 Kb5 84. Bc3 Bh5 85. Nf4 Bf3 
86. Ne6 Bg4 87. Kc2 Bf3 88. Kd2 Bf2 89. Ng5 Bg4 90. Kd3 Bg3 91. Bd2 Bf2 
92. Bc3 Bh4 93. Ne6 Bf3 94. Nf4 Bg3 95. Bb2 Bf2 96. Bc1 Bh4 97. Ne6 Bg3 
98. Nf4 Kc6 99. Ne2 Bh4 100. Nf4 Bf2 101. Ng6 Bg3 102. Nf4 Kb5 103. Ne2 Be4+ 
104. Kd2 Bh4 105. Nf4 Bf3 106. Ba3 Bg3 107. Bb2 Bh4 108. Bc1 Bg3 109. Kd3 Bh4 
110. Kd2 Bf2 111. Ba3 Bh4 112. Kd3 Bg3 113. Ng6 Bc7 114. Nf4 Be4+ 115. Ke2 Bb8 
116. Kf1 Ba7 117. Bc1 Kc6 118. Ke2 Kb7 119. Nd3 Ka6 120. c6 Bxd3+ 121. Kxd3 Bb8 
122. Ba3 Bg3 123. Ke2 Bc7 124. Bc5 Kb5 125. Kf3 Kxc6 126. Be7 Kd7 127. Bc5 Ba5 
128. Kg3 Bc7+ 129. Kf2 f4 130. exf4 Bxf4 1/2-1/2

[Event "Saturday 06 January Rapid Engine Tour 12+1 Rounds 9 Starts 1600 ST"]
[Site "Infinity Chess"]
[Date "2018.1.6"]
[Round "4"]
[White "Gilgamesch"]
[Black "Harry_Potter"]
[Result "1/2-1/2"]
[ECO "C50"]
[WhiteElo "2527"]
[BlackElo "2502"]
[WhiteEngine "BrainFish_171005_x64_bmi2"]
[BlackEngine "stockfish_18010422_x64_bmi2_CTG"]
[EventType "Swiss"]
[WhiteTeam ""]
[BlackTeam ""]
[PlyCount "105"]
[TimeControl "720+1"]

1. e4 e5 2. Nf3 Nc6 3. Bc4 Bc5 4. O-O Nf6 5. d3 d6 6. c3 a5 7. Re1 O-O 8. Bb3 h6 
9. h3 Bd7 10. Nbd2 a4 11. Bc2 Qb8 12. Nf1 Qa7 13. Be3 Bxe3 14. Nxe3 Ne7 
15. d4 Ng6 16. b4 Rfe8 17. a3 Nf4 18. Nh4 g6 19. Nf3 b5 20. c4 bxc4 21. Nxc4 Bb5 
22. Nb2 Kg7 23. Qd2 Qa6 24. Qe3 Ne2+ 25. Kh2 Nxd4 26. Nxd4 exd4 27. Qxd4 Qb6 
28. Rad1 Qxd4 29. Rxd4 c5 30. bxc5 dxc5 31. Rd6 Nh5 32. g3 Nf6 33. f4 Reb8 
34. e5 Ne8 35. Rd5 Nc7 36. Rxc5 Ne6 37. Rc3 Rc8 38. Rxc8 Rxc8 39. Bxa4 Bxa4 
40. Nxa4 g5 41. fxg5 Rc2+ 42. Kg1 Nxg5 43. Kf1 Nxh3 44. Re3 Nf2 45. Rc3 Ng4 
46. Rxc2 Ne3+ 47. Ke2 Nxc2 48. Nc5 Nxa3 49. Kd3 Kg6 50. g4 h5 51. gxh5+ Kxh5 
52. e6 fxe6 53. Nxe6 1/2-1/2

[Event "Saturday 06 January Rapid Engine Tour 12+1 Rounds 9 Starts 1600 ST"]
[Site "Infinity Chess"]
[Date "2018.1.6"]
[Round "4"]
[White "xeonrocks"]
[Black "THE_MACHINE"]
[Result "1/2-1/2"]
[ECO "C50"]
[WhiteElo "2487"]
[BlackElo "2518"]
[WhiteEngine "asmFishW_CTG"]
[BlackEngine "BrainFish_171226_x64_bmi2"]
[EventType "Swiss"]
[WhiteTeam ""]
[BlackTeam ""]
[PlyCount "115"]
[TimeControl "720+1"]

1. e4 e5 2. Nf3 Nc6 3. Bc4 Bc5 4. O-O Nf6 5. d3 d6 6. c3 O-O 7. Nbd2 a5 
8. Re1 Ba7 9. h3 Be6 10. Bb5 Ne7 11. d4 Ng6 12. Ba4 Nh5 13. Nf1 exd4 
14. Nxd4 Nhf4 15. Ng3 Bxd4 16. cxd4 d5 17. Qf3 Qh4 18. Bc2 c6 19. Bxf4 Qxf4 
20. Qxf4 Nxf4 21. e5 f6 22. Ne2 fxe5 23. Nxf4 Rxf4 24. Rxe5 Bf7 25. Rd1 Re8 
26. Rxe8+ Bxe8 27. g3 Rf6 28. Re1 Kf7 29. f4 Bd7 30. Kg2 g6 31. Re5 b6 
32. Kf3 Bxh3 33. g4 Bg2+ 34. Kxg2 Rxf4 35. g5 Rxd4 36. Kf3 Rd2 37. Re2 Rxe2 
38. Kxe2 b5 39. a3 b4 40. Kd2 bxa3 41. bxa3 Ke6 42. Kd3 Kf5 43. Kd4+ Kxg5 
44. Ba4 Kf4 45. Bxc6 g5 46. a4 h5 47. Bxd5 g4 48. Kd3 g3 49. Bg2 h4 50. Ke2 Ke5 
51. Ke3 Kd6 52. Bf1 Kc5 53. Bh3 Kb4 54. Kf4 g2 55. Bxg2 Kxa4 56. Bb7 Kb4 
57. Bh1 Kc5 58. Bg2 1/2-1/2